Predators vs Hurricanes

Created - February 12 2007 at 18:34

Goals
1 2 3 T
Predators 6 0 1 7
Hurricanes 0 0 0 0
Shots
1 2 3 T
Predators 26 14 13 53
Hurricanes 9 11 4 24

Period #1

1. Predators , Yanic Perreault 11 (Steve Sullivan, Scott Hartnell) at 3:29 (PP)
2. Predators , Ryan Suter 2 (David Legwand, Steve Sullivan) at 4:06
3. Predators , Yanic Perreault 12 (Scott Hartnell, Ryan Suter) at 10:16 (PP)
4. Predators , Paul Kariya 19 (Marek Zidlicky, Jason Arnott) at 12:30
5. Predators , Scott Hartnell 9 (Paul Kariya, Marek Zidlicky) at 14:56
6. Predators , Paul Kariya 20 (Scott Hartnell, Zbynek Michalek) at 19:42 (PP)

Penalities :
Kurtis Foster (CAR) for Interference (Minor) at 0:12, Kurtis Foster (CAR) for Charging (Minor) at 2:27, David Tanabe (CAR) for Cross-checking (Minor) at 8:46, Scott Walker (CAR) for Diving (Minor) at 10:27, Glen Wesley (CAR) for Fighting (Major) at 12:49, Dan Hamhuis (NSH) for Fighting (Major) at 12:49, Eric Belanger (CAR) for Charging (Minor) at 19:08

Period #2

No Goal

Penalities :
Dan Hamhuis (NSH) for Elbowing (Minor) at 3:44, Frantisek Kaberle (CAR) for Tripping (Minor) at 6:40, David Tanabe (CAR) for Charging (Double Minor) at 10:42, Bret Hedican (CAR) for Slashing (Double Minor) at 17:08

Period #3

7. Predators , Todd Bertuzzi 10 (Kimmo Timonen, Martin Erat) at 8:36

Penalities :
Yanic Perreault (NSH) for Cross-checking (Minor) at 4:43, Brent Sopel (CAR) for Delaying the game (Minor) at 11:46, Fredrik Sjostrom (CAR) for Interference (Minor) at 15:03, Kimmo Timonen (NSH) for Boarding (Minor) at 16:13

Goalie Stats

Tomas Vokoun (NSH), 24 saves from 24 shots - (1.000), W, 17-9-1, 60:00 minutes
Evgeni Nabokov (CAR), 11 saves from 15 shots - (0.733), L, 6-7-2, 12:30 minutes
Cam Ward (CAR), 35 saves from 38 shots - (0.921), 47:30 minutes

Players Stats

Predators
Player Name              G  A  P  +/- PIM S  H  SB FO MP 
-----------------------------------------------------------
Dan Hamhuis              0  0  0   2  7   1  0  1  0  17 
David Legwand            0  1  1   1  0   3  0  0  22 14 
Derek Morris             0  0  0   2  0   0  0  2  0  19 
J.P. Dumont              0  0  0   1  0   0  0  0  1  12 
Jason Arnott             0  1  1   0  0   2  0  0  28 21 
Kimmo Timonen            0  1  1   1  2   3  1  0  0  20 
Marek Zidlicky           0  2  2   2  0   2  0  2  0  23 
Martin Erat              0  1  1   2  0   3  0  0  1  13 
Oleg Saprykin            0  0  0   0  0   0  0  0  0  0  
Patrick Sharp            0  0  0   1  0   1  0  0  7  8  
Paul Kariya              2  1  3   1  0   11 0  0  2  21 
Ryan Suter               1  1  2   1  0   3  0  2  0  24 
Scott Hartnell           1  3  4   1  0   4  1  0  6  22 
Scottie Upshall          0  0  0   1  0   1  0  0  0  7  
Steve Sullivan           0  2  2   1  0   6  1  0  1  22 
Todd Bertuzzi            1  0  1   1  0   6  0  0  4  22 
Yanic Perreault          2  0  2   1  2   5  0  0  24 18 
Zbynek Michalek          0  1  1   0  0   2  1  2  0  22 
Hurricanes
Player Name              G  A  P  +/- PIM S  H  SB FO MP 
-----------------------------------------------------------
Brad Isbister            0  0  0   0  0   1  0  0  5  9  
Brent Sopel              0  0  0  -1  2   0  2  2  0  21 
Bret Hedican             0  0  0  -1  4   0  0  7  0  19 
Cory Stillman            0  0  0  -2  0   3  0  0  0  12 
David Tanabe             0  0  0  -1  6   0  0  0  0  21 
Eric Belanger            0  0  0  -1  2   1  0  0  35 22 
Eric Staal               0  0  0  -1  0   3  0  0  20 16 
Erik Cole                0  0  0  -2  0   2  0  0  1  14 
Frantisek Kaberle        0  0  0  -1  2   1  0  4  0  25 
Fredrik Sjostrom         0  0  0  -2  2   0  1  1  16 16 
Glen Wesley              0  0  0  -2  5   0  1  4  0  16 
Jeff Halpern             0  0  0   0  0   3  0  1  17 15 
Kevyn Adams              0  0  0   0  0   0  0  0  0  4  
Kurtis Foster            0  0  0  -2  4   2  0  1  0  23 
Martin Havlat            0  0  0  -1  0   4  0  1  0  14 
Ray Whitney              0  0  0   0  0   3  0  1  0  18 
Scott Walker             0  0  0  -2  2   0  0  0  1  13 
Shawn Bates              0  0  0   0  0   1  1  0  1  15 

3 Stars

1 - Tomas Vokoun (NSH)
2 - Scott Hartnell (NSH)
3 - Paul Kariya (NSH)

Power Play

Predators - 3 on 10 Attempt(s) - 30.00%
Hurricanes - 0 on 3 Attempt(s) - 0.00%

Penalty Kill

Predators - 3 on 3 Attempt(s) - 100.00% - Score 0 goal in Penalty Kill
Hurricanes - 7 on 10 Attempt(s) - 70.00% - Score 0 goal in Penalty Kill

Game Notes

Cam Ward enters game at 12:30 of 1st period
Glen Wesley and Dan Hamhuis fight to a draw at 12:49 of 1st period

Finance

Level 1 -- Attendance: 4154 (69.23%) -- Ticket Income $415,400.00
Level 2 -- Attendance: 3529 (65.59%) -- Ticket Income $211,740.00
Level 3 -- Attendance: 1848 (78.65%) -- Ticket Income $64,680.00
Level 4 -- Attendance: 3782 (94.56%) -- Ticket Income $75,640.00
Luxury Box -- Attendance: 704 (70.42%) -- Ticket Income $140,800.00
Game was played at the RBC Center
Total Attendance: 14017 (74.84%)
Total Ticket Income: $968,193.40
Other Income: $50,206.10
Total Income: $1,018,399.00


Play by Play

Period #1

0:01 of 1st period - Eric Staal wins face-off versus Jason Arnott in neutral zone.
0:05 of 1st period - Eric Staal is hit by Zbynek Michalek and loses puck.
0:12 of 1st period - Minor Penalty to Kurtis Foster for Interference.
0:13 of 1st period - Jeff Halpern wins face-off versus Yanic Perreault in Predators zone.
0:36 of 1st period - Shot by Scott Hartnell.
0:36 of 1st period - Shot Misses the Net.
0:39 of 1st period - Shot by Scott Hartnell.
0:39 of 1st period - Shot Misses the Net.
0:40 of 1st period - Shot by Yanic Perreault.
0:40 of 1st period - Stopped by Evgeni Nabokov without a rebound.
0:41 of 1st period - Jason Arnott wins face-off versus Jeff Halpern in Hurricanes zone.
1:44 of 1st period - Shot by Steve Sullivan.
1:44 of 1st period - Stopped by Evgeni Nabokov without a rebound.
1:45 of 1st period - Yanic Perreault wins face-off versus Eric Belanger in Hurricanes zone.
2:14 of 1st period - Shot by Steve Sullivan.
2:14 of 1st period - Shot Blocked by Bret Hedican.
2:17 of 1st period - Shot by Patrick Sharp.
2:17 of 1st period - Stopped by Evgeni Nabokov without a rebound.
2:18 of 1st period - Patrick Sharp wins face-off versus Eric Staal in Hurricanes zone.
2:25 of 1st period - Shot by Martin Erat.
2:25 of 1st period - Shot Misses the Net.
2:27 of 1st period - Minor Penalty to Kurtis Foster for Charging.
2:28 of 1st period - Jason Arnott wins face-off versus Eric Belanger in Hurricanes zone.
3:29 of 1st period - Shot by Steve Sullivan.
3:29 of 1st period - Goal by Yanic Perreault - Predators : 1 - Hurricanes : 0.
3:30 of 1st period - Fredrik Sjostrom wins face-off versus Martin Erat in neutral zone.
3:43 of 1st period - Shot by Scottie Upshall.
3:43 of 1st period - Stopped by Evgeni Nabokov without a rebound.
3:44 of 1st period - David Legwand wins face-off versus Fredrik Sjostrom in Hurricanes zone.
3:47 of 1st period - Shot by Steve Sullivan.
3:47 of 1st period - Stopped by Evgeni Nabokov without a rebound.
3:48 of 1st period - David Legwand wins face-off versus Fredrik Sjostrom in Hurricanes zone.
4:05 of 1st period - Shot by David Legwand.
4:05 of 1st period - Shot Misses the Net.
4:06 of 1st period - Shot by Ryan Suter.
4:06 of 1st period - Goal by Ryan Suter - Predators : 2 - Hurricanes : 0.
4:07 of 1st period - Yanic Perreault wins face-off versus Eric Staal in neutral zone.
4:16 of 1st period - Shot by Erik Cole.
4:16 of 1st period - Shot Misses the Net.
4:17 of 1st period - Shot by Erik Cole.
4:17 of 1st period - Stopped by Tomas Vokoun with a rebound.
4:22 of 1st period - Shot by Martin Havlat.
4:22 of 1st period - Stopped by Tomas Vokoun with a rebound.
4:25 of 1st period - Shot by Eric Staal.
4:25 of 1st period - Stopped by Tomas Vokoun without a rebound.
4:26 of 1st period - Fredrik Sjostrom wins face-off versus Jason Arnott in Predators zone.
4:33 of 1st period - Shot by Scott Walker.
4:33 of 1st period - Shot Blocked by Derek Morris.
4:36 of 1st period - Shot by Scott Walker.
4:36 of 1st period - Shot Blocked by Derek Morris.
4:39 of 1st period - Shot by Cory Stillman.
4:39 of 1st period - Stopped by Tomas Vokoun without a rebound.
4:40 of 1st period - David Legwand wins face-off versus Eric Staal in Predators zone.
5:30 of 1st period - Erik Cole is hit by Scott Hartnell and loses puck.
5:34 of 1st period - Shot by Jason Arnott.
5:34 of 1st period - Stopped by Evgeni Nabokov without a rebound.
5:35 of 1st period - Fredrik Sjostrom wins face-off versus Yanic Perreault in Hurricanes zone.
5:56 of 1st period - Shot by Yanic Perreault.
5:56 of 1st period - Stopped by Evgeni Nabokov without a rebound.
5:57 of 1st period - Jason Arnott wins face-off versus Eric Belanger in Hurricanes zone.
6:40 of 1st period - Shot by Paul Kariya.
6:40 of 1st period - Stopped by Evgeni Nabokov without a rebound.
6:41 of 1st period - Yanic Perreault wins face-off versus Brad Isbister in Hurricanes zone.
7:34 of 1st period - Shot by Martin Havlat.
7:34 of 1st period - Stopped by Tomas Vokoun without a rebound.
7:35 of 1st period - Eric Staal wins face-off versus David Legwand in Predators zone.
7:52 of 1st period - Shot by Martin Havlat.
7:52 of 1st period - Shot Misses the Net.
8:46 of 1st period - Minor Penalty to David Tanabe for Cross-checking.
8:47 of 1st period - Jason Arnott wins face-off versus Jeff Halpern in Hurricanes zone.
10:16 of 1st period - Shot by Scott Hartnell.
10:16 of 1st period - Goal by Yanic Perreault - Predators : 3 - Hurricanes : 0.
10:17 of 1st period - Patrick Sharp wins face-off versus Scott Walker in neutral zone.
10:27 of 1st period - Minor Penalty to Scott Walker for Diving.
10:28 of 1st period - Scott Hartnell wins face-off versus Eric Belanger in Hurricanes zone.
10:39 of 1st period - Shot by Yanic Perreault.
10:39 of 1st period - Stopped by Evgeni Nabokov without a rebound.
10:40 of 1st period - Yanic Perreault wins face-off versus Eric Belanger in Hurricanes zone.
12:09 of 1st period - Shot by Scott Hartnell.
12:09 of 1st period - Shot Misses the Net.
12:10 of 1st period - Shot by Scott Hartnell.
12:10 of 1st period - Shot Misses the Net.
12:11 of 1st period - Shot by Kimmo Timonen.
12:11 of 1st period - Stopped by Evgeni Nabokov with a rebound.
12:14 of 1st period - Shot by Steve Sullivan.
12:14 of 1st period - Stopped by Evgeni Nabokov without a rebound.
12:15 of 1st period - Jason Arnott wins face-off versus Brad Isbister in Hurricanes zone.
12:30 of 1st period - Shot by Paul Kariya.
12:30 of 1st period - Goal by Paul Kariya - Predators : 4 - Hurricanes : 0.
12:30 of 1st period - Cam Ward enters game.
12:31 of 1st period - Patrick Sharp wins face-off versus Fredrik Sjostrom in neutral zone.
12:49 of 1st period - Glen Wesley and Dan Hamhuis fight to a draw.
12:49 of 1st period - Penalty to Glen Wesley for Fighting.
12:49 of 1st period - Penalty to Dan Hamhuis for Fighting.
12:50 of 1st period - David Legwand wins face-off versus Eric Staal in Hurricanes zone.
12:53 of 1st period - Shot by Paul Kariya.
12:53 of 1st period - Stopped by Cam Ward without a rebound.
12:54 of 1st period - Eric Staal wins face-off versus Jason Arnott in Hurricanes zone.
13:01 of 1st period - Shot by Eric Staal.
13:01 of 1st period - Shot Misses the Net.
13:18 of 1st period - Shot by Todd Bertuzzi.
13:18 of 1st period - Shot Misses the Net.
13:19 of 1st period - Shot by Zbynek Michalek.
13:19 of 1st period - Shot Blocked by Frantisek Kaberle.
13:20 of 1st period - Shot by Zbynek Michalek.
13:20 of 1st period - Stopped by Cam Ward with a rebound.
13:23 of 1st period - Shot by Todd Bertuzzi.
13:23 of 1st period - Shot Blocked by Frantisek Kaberle.
13:34 of 1st period - Shot by Paul Kariya.
13:34 of 1st period - Stopped by Cam Ward with a rebound.
13:35 of 1st period - Shot by Marek Zidlicky.
13:35 of 1st period - Shot Blocked by Kurtis Foster.
13:40 of 1st period - Shot by Paul Kariya.
13:40 of 1st period - Shot Misses the Net.
13:41 of 1st period - Shot by Paul Kariya.
13:41 of 1st period - Shot Misses the Net.
13:54 of 1st period - Shot by Paul Kariya.
13:54 of 1st period - Shot Misses the Net.
13:55 of 1st period - Shot by Ryan Suter.
13:55 of 1st period - Shot Blocked by Frantisek Kaberle.
13:56 of 1st period - Shot by Ryan Suter.
13:56 of 1st period - Shot Misses the Net.
13:57 of 1st period - Shot by David Legwand.
13:57 of 1st period - Stopped by Cam Ward without a rebound.
13:58 of 1st period - Eric Belanger wins face-off versus Todd Bertuzzi in Hurricanes zone.
14:06 of 1st period - Icing by David Legwand.
14:07 of 1st period - Jason Arnott wins face-off versus Eric Belanger in Predators zone.
14:56 of 1st period - Shot by Scott Hartnell.
14:56 of 1st period - Goal by Scott Hartnell - Predators : 5 - Hurricanes : 0.
14:57 of 1st period - Jason Arnott wins face-off versus Eric Staal in neutral zone.
15:22 of 1st period - Shot by Martin Havlat.
15:22 of 1st period - Shot Misses the Net.
15:47 of 1st period - Shot by Eric Belanger.
15:47 of 1st period - Stopped by Tomas Vokoun without a rebound.
15:48 of 1st period - David Legwand wins face-off versus Eric Staal in Predators zone.
15:57 of 1st period - Shot by David Legwand.
15:57 of 1st period - Stopped by Cam Ward without a rebound.
15:58 of 1st period - David Legwand wins face-off versus Brad Isbister in Hurricanes zone.
16:03 of 1st period - Shot by Marek Zidlicky.
16:03 of 1st period - Shot Misses the Net.
16:06 of 1st period - Shot by Paul Kariya.
16:06 of 1st period - Stopped by Cam Ward with a rebound.
16:09 of 1st period - Shot by Paul Kariya.
16:09 of 1st period - Stopped by Cam Ward without a rebound.
16:10 of 1st period - Eric Belanger wins face-off versus David Legwand in Hurricanes zone.
16:21 of 1st period - Shot by Erik Cole.
16:21 of 1st period - Shot Blocked by Marek Zidlicky.
16:27 of 1st period - Icing by David Legwand.
16:28 of 1st period - Eric Staal wins face-off versus David Legwand in Predators zone.
16:31 of 1st period - Shot by Eric Staal.
16:31 of 1st period - Stopped by Tomas Vokoun without a rebound.
16:32 of 1st period - Eric Staal wins face-off versus Scott Hartnell in Predators zone.
16:50 of 1st period - Icing by Patrick Sharp.
16:51 of 1st period - Scott Hartnell wins face-off versus Erik Cole in Predators zone.
16:58 of 1st period - Shot by Erik Cole.
16:58 of 1st period - Shot Misses the Net.
17:31 of 1st period - Shot by Derek Morris.
17:31 of 1st period - Shot Misses the Net.
17:32 of 1st period - Shot by Todd Bertuzzi.
17:32 of 1st period - Stopped by Cam Ward without a rebound.
17:33 of 1st period - Eric Staal wins face-off versus Steve Sullivan in Hurricanes zone.
17:52 of 1st period - Shot by Steve Sullivan.
17:52 of 1st period - Shot Misses the Net.
18:17 of 1st period - Shot by Todd Bertuzzi.
18:17 of 1st period - Shot Blocked by Bret Hedican.
18:30 of 1st period - Shot by Fredrik Sjostrom.
18:30 of 1st period - Shot Blocked by Marek Zidlicky.
18:59 of 1st period - Shot by Jeff Halpern.
18:59 of 1st period - Stopped by Tomas Vokoun without a rebound.
19:00 of 1st period - David Legwand wins face-off versus Eric Belanger in Predators zone.
19:08 of 1st period - Minor Penalty to Eric Belanger for Charging.
19:09 of 1st period - Paul Kariya wins face-off versus Jeff Halpern in Hurricanes zone.
19:32 of 1st period - Shot by Paul Kariya.
19:32 of 1st period - Stopped by Cam Ward without a rebound.
19:33 of 1st period - Brad Isbister wins face-off versus Jason Arnott in Hurricanes zone.
19:42 of 1st period - Shot by Paul Kariya.
19:42 of 1st period - Goal by Paul Kariya - Predators : 6 - Hurricanes : 0.
19:43 of 1st period - Fredrik Sjostrom wins face-off versus David Legwand in neutral zone.
19:46 of 1st period - Shot by Cory Stillman.
19:46 of 1st period - Stopped by Tomas Vokoun without a rebound.
19:47 of 1st period - Eric Belanger wins face-off versus David Legwand in Predators zone.

Period #2

0:01 of 2nd period - Jason Arnott wins face-off versus Eric Staal in neutral zone.
0:24 of 2nd period - Shot by Jason Arnott.
0:24 of 2nd period - Shot Misses the Net.
0:27 of 2nd period - Shot by Scott Hartnell.
0:27 of 2nd period - Stopped by Cam Ward without a rebound.
0:28 of 2nd period - David Legwand wins face-off versus Eric Belanger in Hurricanes zone.
0:30 of 2nd period - J.P. Dumont is hit by Brent Sopel and loses puck.
0:49 of 2nd period - David Legwand is hit by Brent Sopel and loses puck.
1:07 of 2nd period - Shot by Ray Whitney.
1:07 of 2nd period - Stopped by Tomas Vokoun with a rebound.
1:41 of 2nd period - Todd Bertuzzi is hit by Shawn Bates and loses puck.
1:47 of 2nd period - Shot by Jeff Halpern.
1:47 of 2nd period - Stopped by Tomas Vokoun without a rebound.
1:48 of 2nd period - Fredrik Sjostrom wins face-off versus Jason Arnott in Predators zone.
2:18 of 2nd period - Jason Arnott is hit by Fredrik Sjostrom and loses puck.
2:32 of 2nd period - Shot by Jason Arnott.
2:32 of 2nd period - Shot Blocked by Fredrik Sjostrom.
2:38 of 2nd period - Icing by Glen Wesley.
2:39 of 2nd period - Todd Bertuzzi wins face-off versus Fredrik Sjostrom in Hurricanes zone.
2:40 of 2nd period - Shot by Martin Erat.
2:40 of 2nd period - Stopped by Cam Ward without a rebound.
2:41 of 2nd period - Eric Staal wins face-off versus Yanic Perreault in Hurricanes zone.
2:50 of 2nd period - Shot by Erik Cole.
2:50 of 2nd period - Stopped by Tomas Vokoun without a rebound.
2:51 of 2nd period - Jeff Halpern wins face-off versus Yanic Perreault in Predators zone.
2:52 of 2nd period - Shot by Shawn Bates.
2:52 of 2nd period - Stopped by Tomas Vokoun without a rebound.
2:53 of 2nd period - Yanic Perreault wins face-off versus Jeff Halpern in Predators zone.
3:14 of 2nd period - Shot by Martin Erat.
3:14 of 2nd period - Stopped by Cam Ward with a rebound.
3:35 of 2nd period - Shot by Todd Bertuzzi.
3:35 of 2nd period - Stopped by Cam Ward without a rebound.
3:36 of 2nd period - David Legwand wins face-off versus Eric Belanger in Hurricanes zone.
3:44 of 2nd period - Minor Penalty to Dan Hamhuis for Elbowing.
3:45 of 2nd period - Eric Belanger wins face-off versus Patrick Sharp in neutral zone.
4:33 of 2nd period - Icing by Kurtis Foster.
4:34 of 2nd period - Eric Staal wins face-off versus Scott Hartnell in Hurricanes zone.
4:43 of 2nd period - Shot by Eric Staal.
4:43 of 2nd period - Stopped by Tomas Vokoun with a rebound.
4:46 of 2nd period - Shot by Eric Staal.
4:46 of 2nd period - Shot Misses the Net.
4:49 of 2nd period - Shot by Eric Staal.
4:49 of 2nd period - Stopped by Tomas Vokoun without a rebound.
4:50 of 2nd period - Scott Hartnell wins face-off versus Eric Staal in Predators zone.
5:13 of 2nd period - Shot by Martin Havlat.
5:13 of 2nd period - Stopped by Tomas Vokoun without a rebound.
5:14 of 2nd period - Eric Belanger wins face-off versus Patrick Sharp in Predators zone.
5:43 of 2nd period - Shot by Ray Whitney.
5:43 of 2nd period - Stopped by Tomas Vokoun with a rebound.
6:21 of 2nd period - Icing by Bret Hedican.
6:22 of 2nd period - Fredrik Sjostrom wins face-off versus Jason Arnott in Hurricanes zone.
6:40 of 2nd period - Minor Penalty to Frantisek Kaberle for Tripping.
6:41 of 2nd period - Jason Arnott wins face-off versus Eric Belanger in Hurricanes zone.
7:12 of 2nd period - Shot by Todd Bertuzzi.
7:12 of 2nd period - Shot Blocked by Ray Whitney.
7:18 of 2nd period - Icing by Paul Kariya.
7:19 of 2nd period - Eric Belanger wins face-off versus Jason Arnott in Predators zone.
8:22 of 2nd period - Shot by Steve Sullivan.
8:22 of 2nd period - Stopped by Cam Ward with a rebound.
8:47 of 2nd period - Shot by Patrick Sharp.
8:47 of 2nd period - Shot Hit the Post.
8:48 of 2nd period - Shot by Derek Morris.
8:48 of 2nd period - Shot Misses the Net.
8:49 of 2nd period - Shot by Dan Hamhuis.
8:49 of 2nd period - Stopped by Cam Ward without a rebound.
8:50 of 2nd period - Patrick Sharp wins face-off versus Eric Staal in Hurricanes zone.
9:23 of 2nd period - Shot by Erik Cole.
9:23 of 2nd period - Shot Misses the Net.
10:28 of 2nd period - Shot by Ray Whitney.
10:28 of 2nd period - Shot Misses the Net.
10:42 of 2nd period - Double Minor Penalty to David Tanabe for Charging.
10:43 of 2nd period - Jason Arnott wins face-off versus Eric Belanger in Hurricanes zone.
10:48 of 2nd period - Shot by Jason Arnott.
10:48 of 2nd period - Shot Misses the Net.
11:29 of 2nd period - Shot by Steve Sullivan.
11:29 of 2nd period - Shot Blocked by Bret Hedican.
11:30 of 2nd period - Shot by Kimmo Timonen.
11:30 of 2nd period - Shot Blocked by Jeff Halpern.
11:35 of 2nd period - Shot by Yanic Perreault.
11:35 of 2nd period - Shot Misses the Net.
11:36 of 2nd period - Shot by Steve Sullivan.
11:36 of 2nd period - Shot Misses the Net.
11:39 of 2nd period - Shot by Steve Sullivan.
11:39 of 2nd period - Shot Misses the Net.
11:40 of 2nd period - Shot by Kimmo Timonen.
11:40 of 2nd period - Stopped by Cam Ward with a rebound.
11:41 of 2nd period - Shot by Kimmo Timonen.
11:41 of 2nd period - Stopped by Cam Ward without a rebound.
11:42 of 2nd period - Eric Belanger wins face-off versus Yanic Perreault in Hurricanes zone.
14:09 of 2nd period - Shot by Jason Arnott.
14:09 of 2nd period - Stopped by Cam Ward without a rebound.
14:10 of 2nd period - Eric Belanger wins face-off versus Yanic Perreault in Hurricanes zone.
15:01 of 2nd period - Shot by Patrick Sharp.
15:01 of 2nd period - Shot Misses the Net.
15:06 of 2nd period - Shot by Martin Erat.
15:06 of 2nd period - Shot Blocked by Martin Havlat.
15:09 of 2nd period - Shot by Dan Hamhuis.
15:09 of 2nd period - Shot Blocked by Glen Wesley.
15:38 of 2nd period - Shot by Paul Kariya.
15:38 of 2nd period - Shot Misses the Net.
15:39 of 2nd period - Shot by Zbynek Michalek.
15:39 of 2nd period - Shot Misses the Net.
15:40 of 2nd period - Shot by Marek Zidlicky.
15:40 of 2nd period - Stopped by Cam Ward without a rebound.
15:41 of 2nd period - Yanic Perreault wins face-off versus Fredrik Sjostrom in Hurricanes zone.
15:50 of 2nd period - Shot by Cory Stillman.
15:50 of 2nd period - Stopped by Tomas Vokoun without a rebound.
15:51 of 2nd period - Eric Belanger wins face-off versus J.P. Dumont in Predators zone.
16:08 of 2nd period - Shot by Ray Whitney.
16:08 of 2nd period - Shot Blocked by Ryan Suter.
16:11 of 2nd period - Shot by Ray Whitney.
16:11 of 2nd period - Shot Misses the Net.
16:12 of 2nd period - Shot by David Tanabe.
16:12 of 2nd period - Shot Misses the Net.
16:15 of 2nd period - Shot by Eric Belanger.
16:15 of 2nd period - Shot Misses the Net.
16:16 of 2nd period - Shot by Fredrik Sjostrom.
16:16 of 2nd period - Shot Blocked by Ryan Suter.
16:19 of 2nd period - Shot by Ray Whitney.
16:19 of 2nd period - Stopped by Tomas Vokoun without a rebound.
16:20 of 2nd period - Jeff Halpern wins face-off versus Jason Arnott in Predators zone.
16:39 of 2nd period - Shot by Brad Isbister.
16:39 of 2nd period - Stopped by Tomas Vokoun without a rebound.
16:40 of 2nd period - Yanic Perreault wins face-off versus Fredrik Sjostrom in Predators zone.
17:08 of 2nd period - Double Minor Penalty to Bret Hedican for Slashing.
17:09 of 2nd period - Jason Arnott wins face-off versus Shawn Bates in Hurricanes zone.
17:30 of 2nd period - Shot by Paul Kariya.
17:30 of 2nd period - Stopped by Cam Ward without a rebound.
17:31 of 2nd period - Jeff Halpern wins face-off versus Yanic Perreault in Hurricanes zone.
17:56 of 2nd period - Shot by Steve Sullivan.
17:56 of 2nd period - Stopped by Cam Ward with a rebound.
17:59 of 2nd period - Shot by Yanic Perreault.
17:59 of 2nd period - Shot Misses the Net.
18:02 of 2nd period - Shot by Yanic Perreault.
18:02 of 2nd period - Shot Blocked by Brent Sopel.
18:03 of 2nd period - Shot by Kimmo Timonen.
18:03 of 2nd period - Shot Misses the Net.
18:04 of 2nd period - Shot by Ryan Suter.
18:04 of 2nd period - Stopped by Cam Ward with a rebound.
18:24 of 2nd period - Icing by Zbynek Michalek.
18:25 of 2nd period - Todd Bertuzzi wins face-off versus Eric Belanger in Predators zone.
19:50 of 2nd period - Shot by Paul Kariya.
19:50 of 2nd period - Stopped by Cam Ward without a rebound.
19:51 of 2nd period - Eric Belanger wins face-off versus Jason Arnott in Hurricanes zone.

Period #3

0:01 of 3rd period - Jason Arnott wins face-off versus Eric Belanger in neutral zone.
0:06 of 3rd period - Shot by Paul Kariya.
0:06 of 3rd period - Stopped by Cam Ward without a rebound.
0:07 of 3rd period - Jeff Halpern wins face-off versus Yanic Perreault in Hurricanes zone.
0:42 of 3rd period - Shot by Scott Hartnell.
0:42 of 3rd period - Stopped by Cam Ward without a rebound.
0:43 of 3rd period - Todd Bertuzzi wins face-off versus Jeff Halpern in Hurricanes zone.
1:21 of 3rd period - Icing by Bret Hedican.
1:22 of 3rd period - David Legwand wins face-off versus Fredrik Sjostrom in Hurricanes zone.
2:10 of 3rd period - Icing by Kurtis Foster.
2:11 of 3rd period - Eric Staal wins face-off versus Jason Arnott in Hurricanes zone.
2:20 of 3rd period - Shot by Eric Staal.
2:20 of 3rd period - Shot Blocked by Zbynek Michalek.
2:21 of 3rd period - Shot by Frantisek Kaberle.
2:21 of 3rd period - Stopped by Tomas Vokoun with a rebound.
2:22 of 3rd period - Shot by Kurtis Foster.
2:22 of 3rd period - Stopped by Tomas Vokoun without a rebound.
2:23 of 3rd period - Eric Belanger wins face-off versus Yanic Perreault in Predators zone.
2:40 of 3rd period - Shot by Todd Bertuzzi.
2:40 of 3rd period - Shot Misses the Net.
2:41 of 3rd period - Shot by Martin Erat.
2:41 of 3rd period - Shot Misses the Net.
2:42 of 3rd period - Shot by Kimmo Timonen.
2:42 of 3rd period - Shot Misses the Net.
2:43 of 3rd period - Shot by Marek Zidlicky.
2:43 of 3rd period - Shot Blocked by Brent Sopel.
3:05 of 3rd period - Icing by Ray Whitney.
3:06 of 3rd period - Eric Belanger wins face-off versus Jason Arnott in Hurricanes zone.
4:17 of 3rd period - Shot by J.P. Dumont.
4:17 of 3rd period - Shot Blocked by Bret Hedican.
4:18 of 3rd period - Shot by Ryan Suter.
4:18 of 3rd period - Shot Blocked by Glen Wesley.
4:19 of 3rd period - Shot by Ryan Suter.
4:19 of 3rd period - Shot Blocked by Glen Wesley.
4:20 of 3rd period - Shot by Ryan Suter.
4:20 of 3rd period - Stopped by Cam Ward without a rebound.
4:21 of 3rd period - Jeff Halpern wins face-off versus Yanic Perreault in Hurricanes zone.
4:43 of 3rd period - Minor Penalty to Yanic Perreault for Cross-checking.
4:44 of 3rd period - Patrick Sharp wins face-off versus Eric Belanger in Predators zone.
6:31 of 3rd period - Shot by Eric Staal.
6:31 of 3rd period - Shot Misses the Net.
6:58 of 3rd period - Shot by Yanic Perreault.
6:58 of 3rd period - Shot Blocked by Bret Hedican.
6:59 of 3rd period - Shot by Marek Zidlicky.
6:59 of 3rd period - Stopped by Cam Ward with a rebound.
7:00 of 3rd period - Shot by Marek Zidlicky.
7:00 of 3rd period - Shot Misses the Net.
7:05 of 3rd period - Shot by Yanic Perreault.
7:05 of 3rd period - Shot Misses the Net.
7:10 of 3rd period - Shot by Martin Erat.
7:10 of 3rd period - Stopped by Cam Ward with a rebound.
7:11 of 3rd period - Shot by Zbynek Michalek.
7:11 of 3rd period - Stopped by Cam Ward without a rebound.
7:12 of 3rd period - Jeff Halpern wins face-off versus David Legwand in Hurricanes zone.
7:14 of 3rd period - Shawn Bates is hit by Steve Sullivan and loses puck.
7:18 of 3rd period - Shot by Jeff Halpern.
7:18 of 3rd period - Shot Misses the Net.
7:29 of 3rd period - Shot by Jeff Halpern.
7:29 of 3rd period - Stopped by Tomas Vokoun without a rebound.
7:30 of 3rd period - Jason Arnott wins face-off versus Fredrik Sjostrom in Predators zone.
8:22 of 3rd period - Martin Havlat is hit by Kimmo Timonen and loses puck.
8:36 of 3rd period - Shot by Todd Bertuzzi.
8:36 of 3rd period - Goal by Todd Bertuzzi - Predators : 7 - Hurricanes : 0.
8:37 of 3rd period - Eric Belanger wins face-off versus David Legwand in neutral zone.
8:59 of 3rd period - Icing by David Tanabe.
9:00 of 3rd period - Eric Belanger wins face-off versus Yanic Perreault in Hurricanes zone.
9:22 of 3rd period - Icing by Marek Zidlicky.
9:23 of 3rd period - Yanic Perreault wins face-off versus Brad Isbister in Predators zone.
9:36 of 3rd period - Shot by Yanic Perreault.
9:36 of 3rd period - Shot Blocked by Glen Wesley.
9:37 of 3rd period - Shot by Kimmo Timonen.
9:37 of 3rd period - Shot Hit the Post.
9:38 of 3rd period - Shot by Martin Erat.
9:38 of 3rd period - Shot Hit the Post.
9:39 of 3rd period - Shot by Kimmo Timonen.
9:39 of 3rd period - Stopped by Cam Ward without a rebound.
9:40 of 3rd period - David Legwand wins face-off versus Eric Staal in Hurricanes zone.
11:03 of 3rd period - Shot by Scott Hartnell.
11:03 of 3rd period - Shot Blocked by Bret Hedican.
11:31 of 3rd period - Icing by Kimmo Timonen.
11:32 of 3rd period - Yanic Perreault wins face-off versus Jeff Halpern in Predators zone.
11:37 of 3rd period - Shot by Todd Bertuzzi.
11:37 of 3rd period - Stopped by Cam Ward without a rebound.
11:38 of 3rd period - Eric Belanger wins face-off versus David Legwand in Hurricanes zone.
11:46 of 3rd period - Minor Penalty to Brent Sopel for Delaying the game.
11:47 of 3rd period - Eric Belanger wins face-off versus Yanic Perreault in Hurricanes zone.
12:12 of 3rd period - Shot by Scott Hartnell.
12:12 of 3rd period - Shot Misses the Net.
12:53 of 3rd period - Shot by Todd Bertuzzi.
12:53 of 3rd period - Stopped by Cam Ward with a rebound.
12:58 of 3rd period - Shot by Zbynek Michalek.
12:58 of 3rd period - Shot Misses the Net.
12:59 of 3rd period - Shot by Todd Bertuzzi.
12:59 of 3rd period - Stopped by Cam Ward without a rebound.
13:00 of 3rd period - Yanic Perreault wins face-off versus Jeff Halpern in Hurricanes zone.
14:09 of 3rd period - Shot by Martin Havlat.
14:09 of 3rd period - Shot Blocked by Dan Hamhuis.
14:10 of 3rd period - Shot by Martin Havlat.
14:10 of 3rd period - Shot Misses the Net.
14:13 of 3rd period - Shot by Martin Havlat.
14:13 of 3rd period - Shot Misses the Net.
14:14 of 3rd period - Shot by Erik Cole.
14:14 of 3rd period - Shot Misses the Net.
14:15 of 3rd period - Shot by Kurtis Foster.
14:15 of 3rd period - Shot Misses the Net.
14:53 of 3rd period - Icing by Glen Wesley.
14:54 of 3rd period - David Legwand wins face-off versus Fredrik Sjostrom in Hurricanes zone.
14:54 of 3rd period - Ryan Suter is hit by Glen Wesley and loses puck.
15:03 of 3rd period - Minor Penalty to Fredrik Sjostrom for Interference.
15:04 of 3rd period - Eric Belanger wins face-off versus Jason Arnott in Hurricanes zone.
15:26 of 3rd period - Icing by Todd Bertuzzi.
15:27 of 3rd period - Jeff Halpern wins face-off versus Jason Arnott in Predators zone.
15:32 of 3rd period - Shot by Jeff Halpern.
15:32 of 3rd period - Shot Blocked by Zbynek Michalek.
15:54 of 3rd period - Off-side.
15:55 of 3rd period - Eric Belanger wins face-off versus Yanic Perreault in neutral zone.
16:13 of 3rd period - Minor Penalty to Kimmo Timonen for Boarding.
16:14 of 3rd period - Eric Staal wins face-off versus Paul Kariya in Predators zone.
16:21 of 3rd period - Shot by Kurtis Foster.
16:21 of 3rd period - Stopped by Tomas Vokoun without a rebound.
16:22 of 3rd period - Eric Belanger wins face-off versus Jason Arnott in Predators zone.
17:16 of 3rd period - Off-side.
17:17 of 3rd period - Eric Belanger wins face-off versus Scott Hartnell in neutral zone.
18:41 of 3rd period - Icing by Scott Walker.
18:42 of 3rd period - David Legwand wins face-off versus Fredrik Sjostrom in Hurricanes zone.
18:55 of 3rd period - Shot by David Legwand.
18:55 of 3rd period - Shot Blocked by Bret Hedican.
18:56 of 3rd period - Shot by Dan Hamhuis.
18:56 of 3rd period - Shot Misses the Net.
18:57 of 3rd period - Shot by Steve Sullivan.
18:57 of 3rd period - Stopped by Cam Ward without a rebound.
18:58 of 3rd period - Jeff Halpern wins face-off versus Jason Arnott in Hurricanes zone.
19:16 of 3rd period - Icing by Frantisek Kaberle.
19:17 of 3rd period - Jeff Halpern wins face-off versus David Legwand in Hurricanes zone.
19:26 of 3rd period - Shot by Steve Sullivan.
19:26 of 3rd period - Shot Blocked by Frantisek Kaberle.
19:29 of 3rd period - Shot by Steve Sullivan.
19:29 of 3rd period - Shot Misses the Net.
19:30 of 3rd period - Shot by Dan Hamhuis.
19:30 of 3rd period - Shot Misses the Net.
19:53 of 3rd period - Shot by David Legwand.
19:53 of 3rd period - Stopped by Cam Ward without a rebound.
19:54 of 3rd period - Yanic Perreault wins face-off versus Eric Belanger in Hurricanes zone.


Output by the SimonT Hockey Simulator (STHS) for Stephane Roy -- Original Page W3C XHTML 1.0 Valid